 Dungeon Crawl Stone Soup version 0.31-a0-1616-gbeaec30 (webtiles) character file.

Game seed: 7628112587456070666

84 Dorkslayer the Trooper (level 4, 0/31 HPs)
             Began as an Octopode Fighter on Jan 10, 2024.
             Slain by Sigmund
             ... wielding a +2 scythe of protection
              (11 damage)
             ... on level 3 of the Dungeon.
             The game lasted 00:03:16 (1729 turns).

Dorkslayer the Trooper (Octopode Fighter)           Turns: 1729, Time: 00:03:16

Health: 0/31       AC:  1    Str: 19    XL:     4   Next: 46%
Magic:  4/4        EV: 13    Int: 13    God:
Gold:   178        SH:  5    Dex: 13    Spells: 3/3 levels left

rFire   . . .        a - +0 long sword
rCold   . . .        b - +0 buckler
rNeg    . . .        e - +0 hat of Good Intentions {Str+4 Int+3}
rPois   .            (no amulet)
rElec   .            (no ring)
rCorr   .            (no ring)
SInv    .            (no ring)
Will    +....        (no ring)
Stlth   +++          (no ring)
HPRegen 0.25/turn    (no ring)
MPRegen 0.09/turn    (no ring)
                     (no ring)

%: no passive effects
@: mighty, enlightened, flying
A: almost no armour, amphibious, 8 rings, camouflage 1, gelatinous body 1,
(nimble swimmer 1), tentacles
a: no special abilities


You were on level 3 of the Dungeon.
You visited 1 branch of the dungeon, and saw 3 of its levels.

You collected 178 gold pieces.

Inventory:

Hand Weapons
 a - a +0 long sword (weapon)
Armour
 b - a +0 buckler (worn)
 e - the +0 hat of Good Intentions (worn) {Str+4 Int+3}
   (You acquired it on level 3 of the Dungeon)

   Str+4:     It affects your strength (+4).
   Int+3:     It affects your intelligence (+3).
Scrolls
 j - a scroll of amnesia {unknown}
Potions
 c - 2 potions of might
 d - 2 potions of brilliance
 f - a potion of enlightenment
 g - a potion of ambrosia {unknown}
 h - a potion of curing
 i - a potion of attraction {unknown}


   Skills:
 + Level 3.5 Fighting
 + Level 3.1 Long Blades
 + Level 3.4 Dodging
 + Level 1.4 Stealth
 + Level 3.3 Shields


You had 3 spell levels left.
You didn't know any spells.
Your spell library was empty.

Dungeon Overview and Level Annotations

Branches:
Dungeon (3/15)

Altars:

Annotations:
D:3 Sigmund


Innate Abilities, Weirdness & Mutations

You cannot wear most types of armour.
You are amphibious.
You can wear up to eight rings at the same time.
Your skin changes colour to match your surroundings (Stealth+).
Your rubbery body absorbs attacks. (AC +1, EV +1)
((You are camouflaged when in or above water. (Stealth+)))
You have tentacles for arms and can constrict up to eight enemies at once.


Message History

The orc priest is moderately wounded.
You constrict the orc priest.
The orc priest hits you with a +0 hand axe!
The orc misses you.
You hit the orc priest.
The orc priest is heavily wounded.
You constrict the orc priest. The orc priest misses you.
The orc hits you with a +0 whip.
The orc priest hits you with a +0 hand axe.
The orc hits you with a +0 whip.
* * * LOW HITPOINT WARNING * * *
You hit the orc priest. You squeeze the orc priest.
You kill the orc priest!
The orc barely misses you.
Sigmund the Dreaded comes into view.
He is wielding a +2 scythe of protection.
Your Long Blades skill increases to level 3!
You have reached level 4!
You feel better.
Sigmund shouts!
The orc completely misses you.
It was a potion of enlightenment.
You feel very buoyant.
You fly up into the air.
The orc hits you with a +0 whip.
* * * LOW HITPOINT WARNING * * *
Okay, then.
Sigmund smiles chillingly.
The orc throws a stone.
The stone barely misses you.
The orc throws a stone.
You block the stone.
You feel very mighty all of a sudden. The orc misses you.
You slash the orc!
You kill the orc!
You hit the endoplasm.
The endoplasm is severely wounded.
The endoplasm barely misses you.
You slash the endoplasm!
You kill the endoplasm!
Sigmund hits you from afar with a +2 scythe of protection!
You die...
Sigmund begins carving another notch in his scythe.

...........##...###..<..###.
........................# .
..............#..##.....# .
...o.###.#....#..##.....# .
go.#. #.........######## o.
# ####..###.# ..
#......###### ..#
#.###........ ....### #@#
#)###.#.#
.......###g###.###.#.#
#..)J.@............
.....#?###.###.###.#.. ##.
... #.# #.# #.#. #.# #..
..... ..# #### <## ## ### .


You could see Sigmund and a hobgoblin.

Vanquished Creatures
  An orc priest (D:3)
  2 dart slugs (D:1)
  3 orcs (D:3)
  4 bats
  2 endoplasms
  2 giant cockroaches
  6 hobgoblins
  2 jackals (D:1)
  3 quokkas
  3 ball pythons
  A frilled lizard (D:1)
  5 goblins
  8 kobolds
  5 rats
47 creatures vanquished.

Notes
Turn   | Place    | Note
-------+----------+-------------------------------------------
     0 | D:1      | Dorkslayer the Octopode Fighter began the quest for the
                  | Orb.
     0 | D:1      | Reached XP level 1. HP: 16/16 MP: 1/1
   112 | D:1      | Reached XP level 2. HP: 13/21 MP: 2/2
   396 | D:1      | Reached XP level 3. HP: 21/26 MP: 3/3
  1171 | D:2      | Identified the +8 ring mail of Zoam Onk {Dex+3 Stlth+}
  1257 | D:2      | Reached skill level 1 in Stealth
  1389 | D:2      | Found a faded altar of an unknown god.
  1613 | D:3      | Identified a scroll of acquirement
  1613 | D:3      | Acquired the +0 hat of Good Intentions {Str+4 Int+3}
  1717 | D:3      | Noticed Sigmund
  1718 | D:3      | Reached XP level 4. HP: 4/31 MP: 4/4
  1729 | D:3      | Slain by Sigmund

Illustrated notes

Levels and vault maps discovered:
D:1:      dpeg_arrival_arbitrary_b, layout_basic, minmay_hexomino_f4
D:2:      layout_basic, shapermc_ecumenical_altar_notcrosses
D:3:      layout_loops_cross, uniq_sigmund

Skill      XL: |  1  2  3 |
---------------+----------+-----
Stealth        | 1 |  1.4
Long Blades    | 3 |  3.1
Fighting       | |  3.5
Dodging        | |  3.4
Shields        | |  3.3

Action                     |  1- 3 |  4- 6 || total
---------------------------+-------+-------++-------
  Melee: Long sword        |    79 |     3 ||    82
         Constrict         |    21 |       ||    21
         Tentacles         |    14 |       ||    14
         Punch             |     1 |       ||     1
    Use: Scroll            |     3 |       ||     3
         Potion            |       |     3 ||     3
   Stab: Sleeping          |     5 |       ||     5
 Armour: Skin              |    31 |     2 ||    33
  Dodge: Dodged            |    47 |     4 ||    51
  Block: Buckler           |    14 |     1 ||    15

Table legend: (Time is in decaauts)
 A = Elapsed time spent in this place.
 B = Non-inter-level travel time spent in this place.
 C = Inter-level travel time spent in this place.
 D = Time resting spent in this place.
 E = Time spent auto-exploring this place.
 F = Levels seen in this place.
 G = Mean time per level.
                   A        B        C        D        E       F      G
               +--------+--------+--------+--------+--------+-----+--------+
         Total |   1754 |   1754 |      0 |      0 |   1124 |   3 |  584.7 |
       Dungeon |   1754 |   1754 |      0 |      0 |   1124 |   3 |  584.7 |
               +--------+--------+--------+--------+--------+-----+--------+

Top non-repeatable levels by time:
     D:1: 923 daAuts
     D:2: 708 daAuts
     D:3: 122 daAuts
